Map: Shrines of Lizul

Players

GnollsWoody

  • Race: Protoss Protoss
  • League: Platinum
  • Spawn Location: 6:00

Stanmyer

  • Race: Zerg Zerg
  • League: Gold
  • Spawn Location: 9:00

Faust

  • Race: Zerg Zerg
  • League: Diamond
  • Spawn Location: 12:00

Throwfordays

  • Race: Protoss Protoss
  • League: Silver
  • Spawn Location: 3:00

VOD

Have the link to the VOD?

Description

Time

  • Played on: Feb. 5, 2019, 8:08 p.m.
  • Length: 10:07
Show
View Real Time Build Order
Export as new Build Order

GnollsWoody Protoss 

Build Orders:  

Get SALT Encoding   

  12  0:02  Probe  
  14  0:14  Probe  
  14  0:23  Pylon  
  14  0:26  Probe  
  15  0:38  Probe  
  16  0:45  Gateway  
  16  0:46  Probe  
  16  0:55  Probe  
  17  0:58  Assimilator  
  18  1:10  Pylon, Probe  
  19  1:22  Probe  
  20  1:33  Cybernetics Core  
  20  1:35  Probe  
  20  1:36  Forge  
  21  1:41  Assimilator  
  21  1:45  Zealot  
  21  1:47  Probe  
  24  2:11  Protoss Ground Weapons Level 1  
  24  2:15  Stalker  
  26  2:33  Probe  
  25  2:41  Gateway  
  25  2:42  Warp Gate  
  25  2:54  Zealot  
  27  3:00  Gateway  
  27  3:22  Nexus  
  26  3:56  Zealot  
  26  3:59  Stalker  
  30  4:04  Probe  
  30  4:07  Pylon  
  31  4:11  Pylon  
  31  4:27  Stargate  
  31  4:28  Protoss Ground Armor Level 1  
  31  4:29  Probe  
  31  4:31  Pylon  
  32  4:32  Stalker  
  32  4:33  Stalker  
  36  4:40  Twilight Council, Probe  
  36  4:42  Photon Cannon  
  37  4:48  Probe  
  37  4:54  Sentry  
  37  4:58  Probe  
  40  5:07  Sentry  
  43  5:09  Zealot  
  43  5:11  Probe  
  46  5:22  Oracle  
  46  5:23  Probe  
  46  5:27  Blink  
  50  5:29  Zealot  
  50  5:33  Zealot  
  54  5:38  Stalker  
  56  5:49  Probe  
  57  6:01  Probe  
  58  6:07  Stalker  
  58  6:08  Stalker  
  58  6:10  Stalker  
  64  6:38  Protoss Ground Weapons Level 2  
  64  6:43  Zealot  
  64  6:44  Zealot, Stalker  
  70  6:57  Assimilator  
  70  6:59  Pylon  
  70  7:01  Pylon  
  70  7:03  Photon Cannon  
  70  7:05  Photon Cannon  
  70  7:10  Pylon  
  70  7:17  Probe  
  70  7:21  Stalker x2, Zealot  
  77  7:28  Gateway  
  77  7:29  Probe  
  78  7:30  Robotics Facility  
  78  7:41  Probe  
  79  8:06  Warp Prism  
  79  8:10  Stalker x3  
  79  8:59  Stalker  
  79  9:00  Stalker x3  
  83  9:28  Stalker x2  
  83  9:29  Stalker x2  
  79  10:06  Stalker x2  
  79  10:07  Stalker x2  
Show
View Real Time Build Order
Export as new Build Order

Stanmyer Zerg 

Build Orders: Hatch First 

Get SALT Encoding   

  12  0:00  Drone  
  13  0:08  Drone  
  14  0:20  Overlord  
  14  0:39  Drone x3  
  17  1:01  Hatchery  
  17  1:02  Drone x2  
  18  1:17  Drone  
  19  1:21  Spawning Pool  
  19  1:25  Drone  
  19  1:28  Extractor  
  18  1:35  Drone  
  19  1:46  Overlord  
  19  2:11  Zergling x2  
  19  2:12  Zergling x2  
  19  2:14  Queen  
  23  2:16  Queen  
  23  2:17  Zergling x2  
  26  2:24  Zergling x2  
  26  2:27  Zergling x2  
  26  2:29  Metabolic Boost  
  27  2:37  Drone  
  27  2:40  Drone x2  
  30  3:03  Zergling x8  
  34  3:08  Overlord  
  34  3:09  Extractor  
  33  3:23  Zergling x6  
  36  3:29  Overlord  
  36  3:31  Drone x2  
  36  3:32  Drone x2  
  40  3:44  Zergling x4  
  40  3:45  Zergling x4  
  42  4:00  Drone  
  42  4:01  Drone x2  
  40  4:13  Drone  
  40  4:14  Drone x3  
  44  4:30  Drone x2  
  44  4:31  Roach Warren  
  45  4:33  Drone x3  
  45  4:34  Drone  
  49  4:47  Drone x2  
  49  4:49  Extractor  
  49  4:51  Extractor  
  49  5:03  Lair  
  49  5:09  Zergling x4  
  49  5:10  Zergling x2  
  52  5:16  Overlord  
  52  5:19  Overlord x3  
  52  5:20  Overlord x2  
  52  5:45  Overlord  
  52  5:46  Overlord  
  51  6:16  Roach x3  
  57  6:22  Spire  
  56  6:25  Zergling x4  
  56  6:26  Zergling x8  
  56  6:29  Drone x2  
  63  6:52  Hatchery  
  62  6:59  Overseer  
  62  7:04  Drone  
  62  7:05  Drone x2  
  65  7:23  Drone x2, Spine Crawler  
  66  7:36  Mutalisk x7  
  66  7:37  Mutalisk x6  
  92  7:57  Mutalisk x2  
  96  8:19  Roach x4  
  112  8:20  Roach x4  
  112  8:21  Zergling x2  
  100  8:49  Mutalisk  
  100  8:50  Mutalisk x7  
  113  9:06  Roach x4  
  119  9:19  Mutalisk  
  119  9:20  Mutalisk  
  120  9:43  Roach  
Show
View Real Time Build Order
Export as new Build Order

Faust Zerg 

Build Orders: Pool First 

Get SALT Encoding   

  12  0:01  Drone  
  13  0:09  Drone  
  14  0:15  Extractor  
  14  0:16  Drone  
  15  0:22  Overlord  
  15  0:45  Spawning Pool  
  15  0:46  Drone  
  15  1:05  Drone  
  15  1:06  Drone  
  15  1:07  Overlord  
  17  1:32  Zergling x4, Extractor, Queen  
  18  1:37  Extractor  
  20  1:47  Hatchery  
  20  1:50  Zergling x4  
  21  2:16  Drone x2  
  21  2:35  Zergling x4  
  23  2:48  Zergling x4  
  25  2:53  Metabolic Boost  
  25  3:02  Baneling Nest  
  24  3:10  Queen  
  26  3:16  Drone x6  
  32  3:23  Overlord  
  32  3:36  Evolution Chamber  
  31  3:41  Overlord  
  31  3:52  Baneling x2  
  26  4:06  Zergling x2  
  26  4:07  Zergling x12  
  26  4:08  Zerg Melee Weapons Level 1  
  30  4:10  Drone  
  30  4:22  Zergling x4  
  31  4:35  Queen  
  31  4:36  Drone  
  31  4:37  Drone x3  
  37  4:42  Lair  
  37  4:43  Drone  
  38  4:47  Drone  
  38  4:52  Baneling  
  39  4:58  Drone  
  40  5:02  Drone x3  
  43  5:18  Hatchery  
  42  5:27  Drone x2  
  44  5:30  Extractor, Overlord x2  
  44  5:31  Extractor  
  42  6:00  Drone x5  
  42  6:01  Drone  
  46  6:20  Extractor  
  46  6:23  Hydralisk Den  
  44  6:25  Drone  
  44  6:26  Drone x5  
  44  6:30  Spore Crawler  
  48  6:33  Spore Crawler, Queen  
  48  6:34  Drone  
  48  6:35  Drone x5  
  48  6:36  Overlord  
  55  6:40  Drone  
  55  6:43  Zerg Melee Weapons Level 2  
  56  6:47  Drone x3  
  56  6:51  Spore Crawler  
  58  7:01  Drone x3, Evolution Chamber  
  60  7:05  Muscular Augments  
  60  7:06  Overseer  
  60  7:08  Zergling x2  
  60  7:09  Zergling x4  
  63  7:20  Drone x3  
  63  7:21  Drone, Infestation Pit  
  66  7:23  Zergling x6  
  66  7:27  Overlord x2  
  69  7:34  Zerg Missile Weapons Level 1  
  69  7:36  Hydralisk x2  
  73  7:43  Extractor x2, Drone  
  73  7:44  Overlord x2  
  72  7:47  Drone x2  
  72  7:48  Drone x3  
  77  7:52  Drone  
  77  7:56  Baneling x2  
  77  7:57  Baneling  
  78  8:04  Hydralisk x5  
  88  8:14  Drone x2  
  88  8:16  Overlord  
  88  8:17  Overlord  
  88  8:18  Overlord  
  90  8:22  Hydralisk x2  
  90  8:23  Hydralisk  
  83  8:43  Hydralisk x8  
  85  8:53  Zergling x2  
  85  8:54  Zergling x12  
  88  9:09  Hydralisk x4  
  90  9:10  Hydralisk  
  98  9:18  Baneling  
  98  9:19  Baneling  
  98  9:21  Hydralisk x2  
  98  9:22  Hydralisk x4  
  98  9:23  Overlord  
Show
View Real Time Build Order
Export as new Build Order

Throwfordays Protoss 

Build Orders:  

Get SALT Encoding   

  12  0:01  Probe  
  13  0:13  Probe  
  14  0:22  Pylon  
  14  0:26  Probe  
  15  0:40  Probe  
  15  0:41  Gateway  
  16  0:46  Assimilator  
  16  0:52  Probe  
  17  1:04  Probe  
  18  1:17  Probe  
  19  1:28  Cybernetics Core  
  19  1:29  Probe  
  20  1:37  Warp Gate  
  20  1:39  Zealot  
  22  2:02  Nexus  
  22  2:04  Pylon  
  22  2:16  Gateway  
  22  2:22  Assimilator  
  22  2:27  Robotics Facility  
  22  2:36  Probe  
  23  2:46  Robotics Facility  
  23  2:48  Probe  
  24  3:00  Probe  
  25  3:06  Adept x2  
  25  3:10  Probe  
  29  3:14  Probe  
  29  3:18  Probe  
  31  3:22  Probe  
  33  3:28  Probe  
  33  3:31  Probe  
  35  3:38  Pylon  
  35  3:40  Probe  
  36  3:43  Probe  
  37  3:50  Adept  
  37  3:52  Adept, Probe  
  42  3:55  Probe  
  43  4:04  Probe  
  44  4:13  Adept x2  
  48  4:23  Immortal  
  52  4:27  Pylon  
  52  4:42  Assimilator  
  52  4:44  Assimilator  
  52  4:45  Immortal  
  56  4:50  Probe  
  57  4:55  Probe  
  57  4:59  Pylon  
  58  5:02  Pylon, Probe  
  59  5:07  Gateway, Probe  
  60  5:14  Probe  
  60  5:19  Probe  
  60  5:20  Immortal  
  66  5:25  Gateway  
  66  5:26  Probe  
  67  5:31  Probe  
  68  5:38  Probe  
  68  5:43  Probe  
  69  5:50  Probe  
  69  5:54  Robotics Bay  
  69  5:55  Probe  
  71  5:57  Forge  
  71  5:59  Forge  
  71  6:02  Gateway  
  71  6:08  Stalker x3  
  71  6:10  Pylon  
  77  6:12  Pylon  
  69  6:27  Stalker  
  63  6:33  Probe  
  64  6:45  Pylon, Probe  
  65  6:51  Pylon  
  65  6:57  Probe  
  66  7:06  Probe  
  66  7:10  Pylon  
  66  7:15  Probe  
  67  7:17  Photon Cannon  
  67  7:20  Photon Cannon  
  68  7:22  Photon Cannon  
  68  7:24  Probe  
  69  7:31  Photon Cannon  
  69  7:36  Probe  
  70  7:37  Photon Cannon  
  70  7:47  Probe  
  70  7:48  Probe  
  72  7:55  Probe  
  65  8:00  Probe  
  65  8:04  Probe  
  64  8:12  Probe  
  66  8:14  Photon Cannon, Probe  
  66  8:15  Photon Cannon  
  66  8:18  Photon Cannon  
  67  8:22  Probe  
  67  8:24  Probe  
  69  8:30  Probe  
  69  8:40  Stalker x2  
  69  8:41  Stalker  
  62  8:42  Probe  
  49  8:54  Probe  
  38  9:02  Nexus  
  34  9:13  Stalker x2  
  19  9:51  Probe  
Tags
 
Add a new tag
Caveats
  • Supply blocks, unpowered buildings, or Contaminate may cause inaccurate times.
  • Supply counts are checked every 10 seconds.